AoeStats
← elchoromota

Black Forest

510572857Analyzed
2v2 RM · 10h ago on Oct 1, 2026· 56m 25s· 4 players
Game mode
Random Map
Map size
Medium (4 player)
Population
200
Speed
Normal
Resources
Standard
Victory
Conquest
Starting age
Dark Age
Ending age
Imperial Age
RankedLock teamsTeams togetherTeam positionsShared explorationLock speedFull tech treeHidden civsTurbo modeCheats
Victory
Defeat
🇨🇱 Romans · Chile
773
+16
🇨🇱 Vietnamese · Chile
733
+17
🇩🇪 Mongols · Germany
789
-17
🇪🇸 Sicilians · Spain
744
-16
crissheller
0:29 Loom
11:16 Feudal Age
11:44 Double-Bit Axe
20:45 Castle Age
20:21 Scale Mail Armor
20:28 Stone Mining
24:56 Crossbowman
26:28 Fletching
26:40 Padded Archer Armor
30:51 Imperial Age
28:49 Bodkin Arrow
30:51 Murder Holes
34:07 Conscription
34:20 Heated Shot
35:22 Capped Ram
38:34 Chemistry
37:33 Gold Mining
41:12 Hoardings
kerli
0:26 Loom
12:09 Feudal Age
12:57 Double-Bit Axe
13:06 Gold Mining
20:15 Castle Age
18:25 Stone Mining
18:35 Horse Collar
18:53 Man-at-Arms
20:20 Forging
21:49 Bow Saw
24:08 Heavy Plow
27:55 Gold Shaft Mining
28:30 Wheelbarrow
29:34 Hand Cart
29:32 Town Watch
31:38 Murder Holes
32:26 Town Patrol
33:11 Thumb Ring
36:47 Imperial Age
34:27 Padded Archer Armor
34:18 Fletching
35:28 Stone Shaft Mining
35:26 Leather Archer Armor
35:40 Bodkin Arrow
36:11 Ballistics
37:51 Iron Casting
36:41 Pikeman
38:11 Squires
37:32 Long Swordsman
39:41 Parthian Tactics
39:39 Conscription
39:53 Caravan
41:01 Chemistry
41:16 Hoardings
41:43 Elite Mangudai
41:50 Elite Mangudai
43:09 Hoardings
44:15 Bracer
46:07 Fortified Wall
45:49 Guard Tower
47:39 Blast Furnace
47:32 Drill
53:04 Elite Skirmisher
54:17 Scale Mail Armor
55:52 Nomads
RSK | Nasif
0:26 Loom
10:36 Feudal Age
11:54 Wheelbarrow
13:01 Double-Bit Axe
15:40 Horse Collar
22:12 Castle Age
21:00 Stone Mining
21:02 Gold Mining
23:40 Heavy Plow
23:52 Bow Saw
24:20 Gold Shaft Mining
24:30 Hand Cart
24:18 Fletching
24:30 Fletching
29:40 Fortified Wall
29:26 Murder Holes
34:35 Imperial Age
34:45 Elite Centurion
34:54 Elite Centurion
35:41 Ballistas
37:12 Scale Barding Armor
37:05 Bodkin Arrow
38:20 Chain Barding Armor
39:30 Chemistry
39:05 Caravan
40:03 Comitatenses
41:55 Heavy Scorpion
elchoromota
0:32 Loom
16:00 Feudal Age
16:47 Horse Collar
16:53 Double-Bit Axe
27:30 Castle Age
26:09 Bloodlines
28:30 Bow Saw
32:28 Gold Mining
32:30 Stone Mining
34:53 Wheelbarrow
35:47 Forging
36:37 Stone Shaft Mining
36:35 Hand Cart
36:10 Town Watch
37:15 Chatras
38:38 Scale Barding Armor
41:05 Imperial Age
39:49 Husbandry
40:55 Town Patrol
40:53 Fletching
41:03 Padded Archer Armor
41:39 Iron Casting
41:24 Chain Barding Armor
42:22 Paper Money
44:08 Chemistry
42:50 Treadmill Crane
45:01 Elite Rattan Archer
48:52 Elite Battle Elephant
55:00 Two-Man Saw
55:17 Bodkin Arrow
55:37 Leather Archer Armor
55:49 Ballistics
Connection lost

Rejoining the realm…

Still unreachable

The connection could not be restored.

Session expired

The server has moved on; the page needs a fresh start.